 Dungeon Crawl Stone Soup version 0.32-a0-909-gc671339a80 (webtiles) character file.

Game seed: 10616006364507608965

88 Goblin1989 the Ruffian (level 4, -1/32 HPs)
             Began as a Demonspawn Shapeshifter on Apr 6, 2024.
             Slain by a ribbon worm (5 damage)
             ... on level 2 of the Dungeon.
             The game lasted 00:03:41 (1562 turns).

Goblin1989 the Ruffian (Demonspawn Shapeshifter)    Turns: 1562, Time: 00:03:41

Health: -1/32      AC:  2    Str: 16    XL:     4   Next: 30%
Magic:  4/4        EV:  5    Int: 11    God:
Gold:   77         SH:  0    Dex: 12    Spells: 3/3 levels left

rFire   . .          .
                       - Unarmed
rCold   . . .        (no shield)
rNeg    . . .        a - +0 animal skin
rPois   .            (helmet currently unavailable)
rElec   .            (cloak currently unavailable)
rCorr   .            (gloves currently unavailable)
SInv    .            (boots currently unavailable)
Will    .....        (no amulet)
Stlth   +            (no ring)
HPRegen 0.25/turn    (no ring)
MPRegen 0.09/turn

%: no passive effects
@: beast-form, held
A: beast (slay +1), condensation shield
a: Begin Untransformation


You were on level 2 of the Dungeon.
You were a hulking beast.
You visited 1 branch of the dungeon, and saw 2 of its levels.

You collected 77 gold pieces.

Inventory:

Missiles
 n - 2 curare-tipped darts (quivered)
Armour
 a - a +0 animal skin (worn)
 o - a +0 ring mail
Jewellery
 i - a ring of resist corrosion
Talismans
 c - a beast talisman (active)
 d - a flux talisman
Scrolls
 e - 2 scrolls of poison {unknown}
 g - a scroll of brand weapon {unknown}
 h - 2 scrolls of vulnerability {unknown}
 j - a scroll of teleportation {unknown}
Potions
 b - 2 potions of lignification
 f - a potion of curing {unknown}
 k - a potion of berserk rage {unknown}
 l - 3 potions of enlightenment {unknown}
 m - a potion of brilliance {unknown}
 p - a potion of mutation {unknown}
 q - a potion of magic {unknown}


   Skills:
 - Level 1.0 Fighting
 * Level 1.6 Throwing
 - Level 1.7 Dodging
 + Level 3.5 Unarmed Combat
 + Level 3.4 Shapeshifting


You had 3 spell levels left.
You didn't know any spells.
Your spell library contained the following spells:

 Spells                   Type           Power      Damage    Failure   Level
 Anguish                  Hex/Necr       0%         N/A       98%         4
 Cause Fear               Hex            0%         N/A       98%         4
 Enfeeble                 Hex            0%         N/A       100%        7


Dungeon Overview and Level Annotations

Branches:
Dungeon (2/15) Zot: 10430

Altars:


Innate Abilities, Weirdness & Mutations

You are a hulking beast.
Your limbs bulge with bestial killing power. (Slay +1)
A meltable shield of frost defends you. (SH +4)


Message History

No target in view!
No target in view!
No target in view!
No target in view!
No target in view!
No target in view!
Things that are here:
a +0 club; 6 stones A hobgoblin comes into view.
Found a pair of boots.
Found a stone staircase leading down.
The hobgoblin shouts!
A hobgoblin is nearby!
A hobgoblin is nearby!
A kobold comes into view. It is wielding a +0 whip.
A ribbon worm comes into view.
Found two stone staircases leading down.
The hobgoblin hits you.
You take 4 damage, and have 28/32 hp.
You completely miss the hobgoblin. The hobgoblin hits you.
The ribbon worm expels a string of sticky webbing.
The stream of webbing hits you but does no damage.
You are caught in a web!
The web tears apart.
The kobold barely misses you. The hobgoblin hits you.
You take 6 damage, and have 22/32 hp.
You hit the hobgoblin. Your punch misses the hobgoblin.
The hobgoblin is moderately wounded.
The kobold barely misses you. The hobgoblin barely misses you.
You hit the hobgoblin.
The hobgoblin is almost dead.
You block the kobold's attack.
The hobgoblin hits you but does no damage.
You closely miss the hobgoblin.
The hobgoblin is almost dead.
The hobgoblin barely misses you. The kobold hits you with a +0 whip.
You take 3 damage, and have 19/32 hp.
You are too injured to fight recklessly!
You are too injured to fight recklessly!
You are too injured to fight recklessly!
You are too injured to fight recklessly!
You are too injured to fight recklessly!
You are too injured to fight recklessly!
You are too injured to fight recklessly!
You are too injured to fight recklessly!
You are too injured to fight recklessly!
You are too injured to fight recklessly!
You are too injured to fight recklessly!
You are too injured to fight recklessly!
You are too injured to fight recklessly!
You are too injured to fight recklessly!
You are too injured to fight recklessly!
You are too injured to fight recklessly!
You are too injured to fight recklessly!
You are too injured to fight recklessly!
You are too injured to fight recklessly!
You are too injured to fight recklessly!
You are too injured to fight recklessly!
You are too injured to fight recklessly!
You are too injured to fight recklessly!
Unknown command.
You hit the kobold.
You kill the kobold!
The hobgoblin hits you.
Things that are here:
a +0 whip; 4 stones You take 3 damage, and have 16/32 hp.
Found a viscous orange potion.
You hit the hobgoblin.
You kill the hobgoblin!
The ribbon worm bites you!
* * * LOW HITPOINT WARNING * * *
Things that are here:
a +0 whip; 4 stones You take 8 damage, and have 9/32 hp.
MASSIVE DAMAGE!!
You hit the ribbon worm.
The ribbon worm is lightly wounded.
You barely miss the ribbon worm.
The ribbon worm is lightly wounded.
The ribbon worm bites you but does no damage.
You hit the ribbon worm.
The ribbon worm is lightly wounded.
The ribbon worm bites you.
* * * LOW HITPOINT WARNING * * *
You take 6 damage, and have 3/32 hp.
You punch the ribbon worm!
The ribbon worm is heavily wounded.
The ribbon worm bites you.
* * * LOW HITPOINT WARNING * * *
You hit the ribbon worm.
The ribbon worm is severely wounded.
You barely miss the ribbon worm.
The ribbon worm is severely wounded.
The ribbon worm closely misses you.
You hit the ribbon worm.
The ribbon worm is severely wounded.
The ribbon worm expels a string of sticky webbing.
The stream of webbing hits you but does no damage.
You are caught in a web!
You struggle to detach yourself from the web.
The ribbon worm bites you.
You die...

█>. █.█ █ █.. ██ █.█ !█
.████ ... █. ... .█ █.
..... █..█> █.█..█
█.██████ █ █>.█.██.█..█
█.███ █ █.. ... ....
....█ █ █..█.██.█ █.█.█
█.[..wh.█ █.█.█ █
█....███.█ ██████.█.████
█.....█ ♣.♣ █............
█.█...█♣♣.♣♣█......█.████
█.█.......)..^█..███.█
█.█..██♣♣.♣♣████.███.█
█.█..██ ♣.♣ █~~~█.█
█.....███.████ █~~~..█ █
██.█.█........███~~~P.█ █


You could see a ribbon worm (catching breath).

Vanquished Creatures
  3 gnolls
  3 adders (D:2)
  A ribbon worm (D:2)
  3 giant cockroaches
  5 goblins
  3 hobgoblins (D:2)
  4 jackals (D:1)
  3 kobolds
  A quokka (D:1)
  2 ball pythons
  2 rats (D:1)
30 creatures vanquished.

Notes
Turn   | Place    | Note
-------+----------+-------------------------------------------
     0 | D:1      | Goblin1989 the Demonspawn Shapeshifter began the quest for
                  | the Orb.
     0 | D:1      | Reached XP level 1. HP: 15/15 MP: 1/1
    86 | D:1      | Gained mutation: A meltable shield of frost defends you.
                  | (SH +4) [demonic ancestry]
    86 | D:1      | Reached XP level 2. HP: 16/21 MP: 2/2
   386 | D:1      | Found a faded altar of an unknown god.
   759 | D:2      | Reached XP level 3. HP: 22/26 MP: 3/3
   801 | D:2      | HP: 1/26 [poisoned by an adder]
  1042 | D:2      | Reached skill level 1 in Throwing
  1418 | D:2      | Reached XP level 4. HP: 29/32 MP: 4/4
  1562 | D:2      | Slain by a ribbon worm

Illustrated notes

Levels and vault maps discovered:
D:1:      psy_arrival_conway, layout_basic, shapermc_ecumenical_altar_hornbeckon
D:2:      layout_loops_ring, serial_bayou_lagoon_a, minmay_tree_intersection,
          mrwooster_statue_mirror

Skill      XL: |  1  2  3 |
---------------+----------+-----
Unarmed Combat | 3 |  3.5
Shapeshifting  | 3 |  3.4
Throwing       | 1 |  1.6
Fighting       | |  1.0
Dodging        | |  1.7

Action                     |  1- 3 |  4- 6 || total
---------------------------+-------+-------++-------
  Melee: Unarmed           |   110 |    23 ||   133
         Punch             |     1 |       ||     1
   Stab: Sleeping          |     1 |       ||     1
 Armour: Animal skin       |    45 |    14 ||    59
  Dodge: Dodged            |    55 |    12 ||    67
  Block: Other             |    13 |     1 ||    14

Table legend: (Time is in decaauts)
 A = Elapsed time spent in this place.
 B = Non-inter-level travel time spent in this place.
 C = Inter-level travel time spent in this place.
 D = Time resting spent in this place.
 E = Time spent auto-exploring this place.
 F = Levels seen in this place.
 G = Mean time per level.
                   A        B        C        D        E       F      G
               +--------+--------+--------+--------+--------+-----+--------+
         Total |   1568 |   1510 |     58 |    189 |   1040 |   2 |  784.0 |
       Dungeon |   1568 |   1510 |     58 |    189 |   1040 |   2 |  784.0 |
               +--------+--------+--------+--------+--------+-----+--------+

Top non-repeatable levels by time:
     D:1: 853 daAuts
     D:2: 715 daAuts
